 Dungeon Crawl Stone Soup version 0.23-a0-558-g30802b1 (webtiles) character file.

2324 Monsterracer the Destroyer (level 8, -1/63 HPs)
             Began as a Demigod Wizard on Dec 2, 2018.
             Slain by an adder (4 damage)
             ... on level 7 of the Dungeon on Dec 12, 2018.
             The game lasted 00:12:20 (8002 turns).

Monsterracer the Destroyer (Demigod Wizard)         Turns: 8002, Time: 00:12:21

Health: -1/63      AC: 10    Str:  7    XL:     8   Next: 99%
Magic:  10/20      EV:  7    Int: 26    God:
Gold:   307        SH:  0    Dex: 14    Spells: 9/18 levels left

rFire    . . .     SeeInvis .   a - +3 trident
rCold    . . .     Gourm    .   (no shield)
rNeg     . . .     Faith    .   q - +0 scale mail (curse)
rPois    .         Spirit   .   b - +0 helmet
rElec    .         Reflect  .   (no cloak)
rCorr    .         Harm     .   (no gloves)
MR       .....                  j - +2 pair of boots (curse)
Stlth    +.........             (no amulet)
HPRegen  0.20/turn              u - -3 ring of strength (curse)
MPRegen  0.17/turn              (no ring)

@: very slightly contaminated
A: high mp 1
a: no special abilities


You were on level 7 of the Dungeon.
You were not hungry.

You visited 1 branch of the dungeon, and saw 8 of its levels.

You collected 307 gold pieces.

Inventory:

Hand Weapons
 a - a +3 trident (weapon)
Armour
 b - a +0 helmet (worn)
 g - a +2 ring mail of poison resistance
 h - a +0 shield
 j - a cursed +2 pair of boots (worn)
 q - a cursed +0 scale mail (worn)
 s - the cursed +0 scale mail of Watchfulness {rElec rF+++ MR- Dex-3, unknown}
   (You found it on level 5 of the Dungeon)

   It affects your dexterity (-3).
   It renders you almost immune to fire.
   It insulates you from electricity.
   It affects your resistance to hostile enchantments.
   It has a curse placed upon it.
 w - a +2 ring mail of cold resistance
Jewellery
 u - a cursed -3 ring of strength (left hand)
Wands
 o - a wand of iceblast (6)
 x - a wand of disintegration (12)
Scrolls
 d - a scroll of amnesia
 i - 4 scrolls of fog
 k - a scroll of enchant weapon
 p - a scroll of vulnerability
 v - a scroll of identify
Potions
 e - a potion of brilliance
 f - 2 potions of agility
 l - 2 potions of curing
 m - a potion of invisibility
 n - 2 potions of heal wounds
 t - a potion of resistance
 z - a potion of flight
Comestibles
 c - 9 rations
 r - 3 chunks of flesh


   Skills:
 + Level 3.1 Fighting
 * Level 3.1 Polearms
 - Level 1.7 Dodging
 - Level 1.7 Stealth
 + Level 5.6 Spellcasting
 * Level 8.7 Conjurations
   Level 0.8 Summonings
 - Level 0.8 Translocations


You had 9 spell levels left.
You knew the following spells:

 Your Spells              Type           Power        Failure   Level  Hunger
a - Magic Dart            Conj           ####         2%          1    None
b - Conjure Flame         Conj/Fire      ####....     43%         3    #......
c - Mephitic Cloud        Conj/Pois/Air  ###.....     65%         3    #......
e - Blink                 Tloc           N/A          71%         2    None

Your spell library contained the following spells:

 Spells                   Type           Power        Failure   Level  Hunger
 Call Imp                 Summ           ##......     71%         2    None
 Slow                     Hex            #.......     83%         2    None


Dungeon Overview and Level Annotations

Branches:
Dungeon (8/15)
 Temple: D:4-7         Lair: D:8-11


Innate Abilities, Weirdness & Mutations

You have an increased reservoir of magic. (+10% MP)


Message History

Items here: ( )) † a +0 dagger; a +0 hand crossbow; 4 bolts; a kobold corpse Your magical contamination has completely faded away.
z - a bubbling blue potion
As you read the scroll of identify, it crumbles to dust.
z - a potion of flight You start resting.
Eating one of 4 chunks of flesh.
You eat one of the 4 chunks of flesh.
This raw flesh tastes terrible.
A centaur warrior skeleton comes into view.
You regained 5 hp, and now have 23/62 hp.
You regained 3 mp, and now have 11/19 mp.
The centaur warrior skeleton hits you but does no damage.
The centaur warrior skeleton barely misses you.
You see here a kobold corpse.
There is a stone staircase leading up here.
You see here 3 bolts.
Okay, then.
The centaur warrior skeleton hits you but does no damage.
You climb upwards.
The adder hisses angrily.
The black bear growls angrily.
The centaur shoots an arrow.
The arrow hits you but does no damage.
You hear a shout!
There is a stone staircase leading down here.
You see here an arrow.
Okay, then.
Casting: Magic Dart (safe; 3% risk of failure)
Confirm with . or Enter, or press ? or * to list all spells.
Okay, then.
Evoke which item? (* to show all) (? for menu, Esc to quit)
Aiming: Iceblast
Press: ? - help, Shift-Dir - straight line, f - centaur
Aim: a centaur, wielding a +0 shortbow The mass of ice explodes!
The iceblast engulfs the centaur.
The centaur is severely wounded.
The iceblast engulfs the black bear.
The black bear is severely wounded.
The iceblast engulfs the worker ant.
The worker ant is severely wounded.
The centaur shoots an arrow.
The arrow hits you!
* * * LOW HITPOINT WARNING * * *
The quokka skeleton bites you.
* * * LOW HITPOINT WARNING * * *
You take 10 damage, and have 14/62 hp.
Evoke which item? (* to show all) (? for menu, Esc to quit)
Aiming: Iceblast
Press: ? - help, Shift-Dir - straight line, f/p - centaur
Aim: a centaur, wielding a +0 shortbow (severely wounded)
The mass of ice explodes!
The iceblast engulfs the worker ant.
You kill the worker ant!
The iceblast engulfs the centaur.
You kill the centaur!
Your Fighting skill increases to level 3!
The quokka skeleton barely misses you. The adder barely misses you.
Unknown command.
Evoke which item? (* to show all) (? for menu, Esc to quit)
Aiming: Iceblast
Press: ? - help, Shift-Dir - straight line The mass of ice explodes!
The iceblast engulfs the centaur.
The centaur is heavily wounded.
The iceblast engulfs the black bear.
You kill the black bear!
The centaur wields a +0 shortbow of flaming.
It bursts into flame!
The centaur shoots an arrow.
The arrow hits you.
* * * LOW HITPOINT WARNING * * *
The arrow burns you.
* * * LOW HITPOINT WARNING * * *
The quokka skeleton closely misses you. The adder bites you.
* * * LOW HITPOINT WARNING * * *
An ice beast comes into view.
You take 8 damage, and have 7/63 hp.
Evoke which item? (* to show all) (? for menu, Esc to quit)
Aiming: Iceblast
Press: ? - help, Shift-Dir - straight line The mass of ice explodes!
The iceblast engulfs the centaur.
You kill the centaur!
Your Polearms skill increases to level 3!
The adder barely misses you. The quokka skeleton bites you.
* * * LOW HITPOINT WARNING * * *
The adder barely misses you.
You take 2 damage, and have 5/63 hp.
Unknown command.
Casting: Magic Dart (safe; 2% risk of failure)
Confirm with . or Enter, or press ? or * to list all spells.
Okay, then.
Casting: Magic Dart (safe; 2% risk of failure)
Confirm with . or Enter, or press ? or * to list all spells.
You miscast Blink.
You are very lightly contaminated with residual magic.
The air around you crackles with energy!
The quokka skeleton bites you but does no damage.
The adder bites you but does no damage.
You now have 12/20 mp.
Casting: Blink (safe; 71% risk of failure)
Confirm with . or Enter, or press ? or * to list all spells.
You miscast Blink.
The world appears momentarily distorted!
The quokka skeleton bites you.
* * * LOW HITPOINT WARNING * * *
The adder bites you.
You die...

.# .## #... .. .. .## ..
#. ..# .# ###.##.# ..##
.c..#c# ###...## #..#>#
#####.!.#..#
#####..#)###........#..
..a.....Y.)†.@S.....?o..
#####.##([#..Z......##oh
# ##.##........#
#)##........#
#.########### #.# #.#
#.## #..##


You could see an ice beast, an adder and a quokka skeleton.

Vanquished Creatures
  Sigmund (D:3)
  An ice beast (D:6)
  2 orc warriors (D:6)
  2 black bears
  An ogre (D:6)
  2 centaurs (D:7)
  A big kobold (D:8)
  A bullfrog (D:6)
  4 scorpions
  3 wights (D:5)
  2 howler monkeys
  2 crimson imps
  A bullfrog zombie (D:7)
  3 hounds (D:4)
  A centaur skeleton (D:4)
  6 orc wizards
  4 orc priests
  2 iguanas
  5 worker ants
  2 hound skeletons (D:7)
  4 gnolls (D:6)
  9 adders
  An ooze (D:5)
  A worm (D:2)
  3 dart slugs (D:1)
  3 leopard geckos
  29 orcs
  3 giant cockroaches
  4 goblins
  5 hobgoblins
  8 jackals
  2 ball pythons
  5 bats
  3 frilled lizards (D:3)
  7 kobolds
  A leopard gecko skeleton (D:5)
  A quokka zombie (D:6)
  9 rats
144 creatures vanquished.

Notes
Turn   | Place    | Note
-------+----------+-------------------------------------------
     0 | D:1      | Monsterracer the Demigod Wizard began the quest for the
                  | Orb.
     0 | D:1      | Reached XP level 1. HP: 14/14 MP: 6/6
    18 | D:1      | Reached skill level 1 in Conjurations
   459 | D:1      | Reached skill level 2 in Conjurations
   459 | D:1      | Reached XP level 2. HP: 20/20 MP: 0/8
  1422 | D:2      | Found a sacrificial altar of Ru.
  1422 | D:2      | Found an ornate altar of the Wu Jian Council.
  1471 | D:2      | Reached XP level 3. HP: 26/26 MP: 0/9
  1475 | D:2      | Learned a level 2 spell: Blink
  1479 | D:2      | Learned a level 3 spell: Conjure Flame
  1559 | D:2      | Reached skill level 3 in Conjurations
  1824 | D:2      | Found a basalt altar of Yredelemnul.
  1861 | D:2      | Upgraded the game from 0.23-a0-489-g205b0b6 to
                  | 0.23-a0-558-g30802b1
  1946 | D:2      | Found a white marble altar of Elyvilon.
  2190 | D:2      | Reached XP level 4. HP: 33/33 MP: 0/10
  2588 | D:3      | Reached skill level 4 in Conjurations
  2695 | D:3      | Noticed Sigmund
  2723 | D:3      | HP: 13/33 [something/magic dart (10)]
  2780 | D:3      | Killed Sigmund
  2780 | D:3      | Reached skill level 5 in Conjurations
  2780 | D:3      | Reached XP level 5. HP: 22/38 MP: 2/12
  3490 | D:3      | Found a burning altar of Makhleb.
  3664 | D:4      | Learned a level 3 spell: Mephitic Cloud
  3736 | D:4      | Reached XP level 6. HP: 45/45 MP: 9/14
  4323 | D:4      | Reached skill level 6 in Conjurations
  4515 | D:5      | Entered Level 5 of the Dungeon
  4613 | D:5      | Reached XP level 7. HP: 50/50 MP: 14/16
  5249 | D:5      | Found a stormy altar of Qazlal.
  5306 | D:5      | Found a deep blue altar of Sif Muna.
  5308 | D:5      | Got a polished scale mail
  5618 | D:5      | Reached skill level 7 in Conjurations
  6143 | D:6      | Reached skill level 1 in Fighting
  6229 | D:6      | Reached XP level 8. HP: 59/59 MP: 14/18
  6260 | D:6      | Reached skill level 5 in Spellcasting
  6376 | D:6      | HP: 30/60 [orc warrior/+0 flail (8)]
  6386 | D:6      | Reached skill level 8 in Conjurations
  6390 | D:6      | HP: 27/61 [orc/+0 short sword (6)]
  6400 | D:6      | HP: 28/61 [orc/+1 dagger of holy wrath (1)]
  6580 | D:6      | Found a glowing silver altar of Zin.
  6716 | D:6      | Reached skill level 1 in Polearms
  6813 | D:6      | HP: 27/62 [iguana (7)]
  7240 | D:6      | Found a shattered altar of Ashenzari.
  7923 | D:7      | HP: 28/62 [centaur (5)]
  7953 | D:8      | HP: 29/62 [big kobold (6)]
  7997 | D:7      | HP: 15/62 [centaur/arrow (9)]
  7999 | D:7      | HP: 7/63 [adder (2)]
  8002 | D:7      | HP: 3/63 [quokka skeleton (2)]
  8002 | D:7      | Slain by an adder

Vault maps used:
D:1:      lightli_molten_gateway
D:2:      kennysheep_ying_yang, gammafunk_temple_overflow_wave
D:3:      overflow_temple_1_default, first_ration, st_stairs_7, uniq_sigmund
D:4:      st_stairs_7
D:5:      black_bear_nest_1, chequers_temple_overflow_statue_of_worship,
          st_stairs_3
D:6:      lemuel_round_altar, kennysheep_mini_moat
D:7:      tgw_trog, cheibrodos_worm_habitat, lemuel_coloured_pillars_altar,
          minmay_temple_entry_statues_pillars
D:8:      david_lair_shrubbed, uniq_maurice

Skill      XL: |  1  2  3  4  5  6  7  8 |
---------------+-------------------------+-----
Conjurations   | 2 3 5 6 7 8 |  8.7
Spellcasting   | 3 4 5 |  5.6
Fighting       | 1 3 |  3.1
Polearms       | 3 |  3.1
Dodging        | |  1.7
Stealth        | |  1.7
Summonings     | |  0.8
Translocations | |  0.8

Action                   |  1- 3 |  4- 6 |  7- 9 || total
-------------------------+-------+-------+-------++-------
Melee: Dagger            |     2 |     5 |    61 ||    68
       Trident           |       |       |   145 ||   145
 Cast: Magic Dart        |    99 |    97 |   177 ||   373
       Conjure Flame     |       |     2 |    10 ||    12
       Mephitic Cloud    |       |       |     6 ||     6
Evoke: Wand              |       |       |     4 ||     4
  Use: Scroll            |       |     8 |     8 ||    16
 Stab: Confused          |       |       |     1 ||     1
       Sleeping          |       |       |     1 ||     1
  Eat: Chunk             |     3 |     8 |    11 ||    22
Armor: Robe              |     5 |     5 |       ||    10
       Ring mail         |       |     4 |    67 ||    71
       Scale mail        |       |       |    36 ||    36
Dodge: Dodged            |     6 |    17 |    93 ||   116

Table legend:
 A = Non-vault XP
 B = Vault XP
 C = Vault XP percentage of total XP
 D = Non-vault monster count
 E = Vault monster count
 F = Vault count percentage of total count
                 A         B        C        D         E       F
            +---------+---------+-------+---------+---------+-------
      Total |    2924 |     397 |  12.0 |     140 |       4 |   2.8
            +---------+---------+-------+---------+---------+-------
        D:1 |      41 |       0 |   0.0 |      23 |       0 |   0.0
        D:2 |      95 |       0 |   0.0 |      13 |       0 |   0.0
        D:3 |      32 |     228 |  87.7 |      12 |       2 |  14.3
        D:4 |     366 |      41 |  10.1 |      10 |       1 |   9.1
        D:5 |     608 |     128 |  17.4 |      32 |       1 |   3.0
        D:6 |    1026 |       0 |   0.0 |      30 |       0 |   0.0
        D:7 |     653 |       0 |   0.0 |      17 |       0 |   0.0
        D:8 |     103 |       0 |   0.0 |       3 |       0 |   0.0
            +---------+---------+-------+---------+---------+-------

Vault maps used:
D:1:      lightli_molten_gateway
D:2:      kennysheep_ying_yang, gammafunk_temple_overflow_wave
D:3:      overflow_temple_1_default, first_ration, st_stairs_7, uniq_sigmund
D:4:      st_stairs_7
D:5:      black_bear_nest_1, chequers_temple_overflow_statue_of_worship,
          st_stairs_3
D:6:      lemuel_round_altar, kennysheep_mini_moat
D:7:      tgw_trog, cheibrodos_worm_habitat, lemuel_coloured_pillars_altar,
          minmay_temple_entry_statues_pillars
D:8:      david_lair_shrubbed, uniq_maurice
